 Dungeon Crawl Stone Soup version 0.17-a0-1984-g55f5988 (webtiles) character file.

57684 Ordine the Cruncher (level 14, -6/129 HPs)
             Began as a Minotaur Gladiator on Oct 6, 2015.
             Was the Champion of Okawaru.
             Mangled by a wolf spider (9 damage)
             ... on level 8 of the Lair of Beasts.
             The game lasted 01:03:38 (18579 turns).

Ordine the Cruncher (Minotaur Gladiator)           Turns: 18579, Time: 01:03:39

Health: -6/129     AC: 32    Str: 27      XL:     14   Next: 46%
Magic:  20/20      EV: 13    Int:  4 (5)  God:    Okawaru [******]
Gold:   997        SH:  0    Dex: 14      Spells: 1 memorised, 9 levels left

rFire  + . .     SeeInvis .     h - +2 quarterstaff (protect)
rCold  . . .     Clarity  .     B - +3 plate armour
rNeg   . . .     SustAt   .     (no shield)
rPois  .         Gourm    +     c - +0 hat
rElec  +         Spirit   .     v - +0 cloak
rCorr  .         Warding  .     L - +1 pair of gloves {archery}
rMut   .         Stasis   .     a - +2 pair of boots
MR     +....                    A - amulet of the gourmand
Stlth  ..........               s - +3 ring of slaying
                                n - ring of protection from fire

@: confused, mighty, lethally poisoned (-6 -> -35), slowed, very slow, somewhat
resistant to hostile enchantments, extremely unstealthy
A: retaliatory headbutt, hooves 1, horns 2, rugged brown scales 1, blurry vision
1, shaggy fur 1, electricity resistance
a: Heroism, Finesse, Renounce Religion


You were on level 8 of the Lair of Beasts.
You worshipped Okawaru.
Okawaru was exalted by your worship.
You were very full.

You visited 3 branches of the dungeon, and saw 19 of its levels.
You also visited: Sewer.

You collected 997 gold pieces.

Inventory:

Hand Weapons
 h - a +2 quarterstaff of protection (weapon)
Missiles
 d - 7 throwing nets (quivered)
Armour
 a - a +2 pair of boots (worn)
 c - a +0 hat (worn)
 v - a +0 cloak (worn)
 B - a +3 plate armour (worn)
 L - a +1 pair of gloves of archery (worn)
Magical Staves
 t - an uncursed staff of energy
Jewellery
 n - a ring of protection from fire (left hand)
 s - a +3 ring of slaying (right hand)
 A - an amulet of the gourmand (around neck)
Wands
 x - a wand of digging (19)
 F - a wand of lightning (6)
 M - a wand of draining (3)
Scrolls
 e - 2 scrolls of amnesia
 f - 12 scrolls of teleportation
 k - 2 scrolls of identify
 p - 6 scrolls of remove curse
 y - a scroll of fog
 E - 4 scrolls of recharging
 S - 5 scrolls of magic mapping
Potions
 j - a potion of agility
 l - a potion of cancellation
 z - a potion of haste
 C - a potion of flight
 I - a potion of brilliance
Miscellaneous
 q - a crystal ball of energy
 r - a stone of tremors
 u - a plain deck of changes
 O - a stone of tremors
Comestibles
 b - 3 fruits
 g - 2 beef jerkies
 i - 3 bread rations
 m - 4 meat rations
 D - 9 slices of pizza


   Skills:
 + Level 12.3 Fighting
 - Level 14.1 Staves
 - Level 2.0 Throwing
 + Level 11.6 Armour
 + Level 11.2 Dodging
 - Level 10.0 Earth Magic
 - Level 10.0 Invocations


You had 9 spell levels left.
You knew the following spells:

 Your Spells              Type           Power        Failure   Level  Hunger
a - Leda's Liquefaction   Hex/Erth       #.........   100%        4    #####..


Dungeon Overview and Level Annotations

Branches:
Dungeon (10/15)            Temple (1/1) D:6            Lair (8/8) D:10
  Swamp (0/4) Lair:4       Spider (0/4) Lair:3          Orc (0/4) D:10
  Slime: Lair:6-8

Altars:
Ashenzari
Cheibriados
Dithmenos
Elyvilon
Fedhas
Gozag
Kikubaaqudgha
Makhleb
Nemelex Xobeh
Okawaru
Qazlal
Ru
Sif Muna
Trog
Vehumet
Xom
Yredelemnul
Zin
The Shining One

Annotations:
Lair:8 1 runed door


Innate Abilities, Weirdness & Mutations

You reflexively headbutt those who attack you in melee.
You have a pair of horns on your head.
You have large cloven feet.
You are partially covered in rugged brown scales (AC +1, +3% HP).
Scrolls take you a little longer to read.
You are covered in fur (AC +1).
You are resistant to electric shocks.


Message History

Unknown command.
* * * LOW HITPOINT WARNING * * *
You feel very sick.
The wolf spider hits you but does no damage.
The wolf spider barely misses you. The adder bites you but does no damage.
The spiny frog stings you but does no damage.
Drink which item? (? for menu, Esc to quit)
You are confused.
You feel invigorated.
* * * LOW HITPOINT WARNING * * *
You feel very sick.
The wolf spider hits you but does no damage.
The wolf spider bites you but does no damage.
The adder closely misses you.
The spiny frog stings you but does no damage.
The wolf spider hits you.
* * * LOW HITPOINT WARNING * * *
The wolf spider bites you but does no damage.
The adder closely misses you. The wolf spider hits you!
You die...

#. ......# ....
##........
##...##....<..... . .
#.#.#.##........ #...
##..#..#...P..##.
##.#.##.....#...P......
##.....#.....#†.........
#.....#....P.S..........
#.....PP#..@s..........
#...........F.##.......
##.....†..P...# #......
#......P.P...## ...#..
##..†.###..##.# .....
#....## ##.#### ..#..
##..%P# ### .# P
#.P).### ## # #.#..#.#
###


You could see a wolf spider, a spiny frog and an adder.

Vanquished Creatures
  4 hydras
  A fire crab (Lair:6)
  A slime creature (Lair:8)
  2 hill giants (D:10)
  2 lindwurms (Lair:8)
  An oklob plant (Lair:8)
  A wolf spider (Lair:3)
  A shining eye (Lair:1)
  A griffon (Lair:3)
  36 elephants
  An ugly thing (D:9)
  11 black mambas
  6 torpor snails (Lair:8)
  A guardian serpent (Lair:8)
  10 spiny frogs
  2 jumping spiders (Lair:3)
  9 komodo dragons
  2 fire drakes
  A polar bear (Lair:4)
  14 blink frogs
  Grinder (D:5)
  Prince Ribbit (D:6)
  3 giant leeches
  2 boulder beetles
  A trapdoor spider zombie (D:10)
  2 redbacks
  Sigmund (D:6)
  A spriggan (Lair:4)
  A human (D:9)
  34 yaks
  2 basilisks
  A steam dragon (D:9)
  Eustachio (D:6)
  2 hogs (D:9)
  2 wyverns (Lair:8)
  3 hungry ghosts
  27 wolves
  Menkaure (D:5)
  7 hippogriffs
  2 swamp worms (Lair:4)
  19 water moccasins
  7 porcupines
  Duvessa (D:6)
  An ice beast (D:9)
  A black bear (Lair:4)
  The ghost of krfreak the Grave Robber, an amateur VSNe (D:3)
  5 spiders
  4 ogres
  3 sky beasts
  3 wasps (Lair:8)
  An orc warrior (D:9)
  A phantom (D:5)
  10 crocodiles
  3 brain worms (Lair:8)
  Blork the orc (D:5)
  2 centaurs
  23 giant frogs
  Dowan (D:6)
  4 killer bees (D:10)
  2 scorpions (D:7)
  2 electric eels (Lair:6)
  3 crimson imps
  3 giant frog skeletons
  4 jellies
  3 orc wizards (D:8)
  Crazy Yiuf (D:4)
  4 orc priests
  4 hell rats (Lair:4)
  Terence (D:2)
  8 worker ants
  Natasha (twice) (D:4)
  5 hounds
  18 sheep
  7 iguanas
  2 hound zombies
  Robin (D:3)
  57 river rats
  21 adders
  6 worker ant zombies
  2 shadow imps
  An ooze (Sewer)
  2 adder zombies
  An adder skeleton (D:7)
  21 worms
  4 giant geckos
  23 orcs
  7 giant cockroaches
  8 hobgoblins
  16 jackals
  A quokka (D:7)
  17 ball pythons
  14 bats
  A giant gecko skeleton (D:5)
  5 giant newts
  20 goblins
  A jackal skeleton (D:4)
  8 kobolds
  2 quokka zombies (D:8)
  31 rats
  A fungus (Lair:2)
  4 plants
637 creatures vanquished.

Vanquished Creatures (collateral kills)
  2 goblins (D:9)
2 creatures vanquished.

Vanquished Creatures (others)
  2 elephants
  A bush (Lair:4)
  50 fungi
  36 plants
89 creatures vanquished.

Grand Total: 728 creatures vanquished

Notes
Turn   | Place    | Note
--------------------------------------------------------------
     0 | D:1      | Ordine the Minotaur Gladiator began the quest for the Orb.
     0 | D:1      | Reached XP level 1. HP: 18/18 MP: 0/0
   109 | D:1      | Reached skill level 4 in Staves
   204 | D:1      | Reached XP level 2. HP: 18/25 MP: 1/1
   506 | D:1      | Reached skill level 5 in Staves
   597 | D:1      | Reached XP level 3. HP: 30/30 MP: 2/2
  1298 | D:1      | Gained mutation: You are covered in fur (AC +1). [potion of beneficial mutation]
  1322 | D:2      | Found a shadowy altar of Dithmenos.
  1511 | D:2      | Found an iron altar of Okawaru.
  1515 | D:2      | Became a worshipper of Warmaster Okawaru
  1521 | D:2      | Found a glowing silver altar of Zin.
  1524 | D:2      | Found a shadowy altar of Dithmenos.
  1527 | D:2      | Found a shattered altar of Ashenzari.
  1742 | D:2      | Noticed Terence
  1750 | D:2      | Killed Terence
  1750 | D:2      | Reached skill level 6 in Staves
  1750 | D:2      | Reached XP level 4. HP: 37/37 MP: 3/3
  2299 | D:3      | Gained mutation: Scrolls take you a little longer to read. [potion of mutation]
  2299 | D:3      | Gained mutation: You are clumsy. (Dex -2) [potion of mutation]
  2299 | D:3      | Gained mutation: You are resistant to electric shocks. [potion of mutation]
  2357 | D:3      | Noticed krfreak's ghost (amateur VSNe)
  2366 | D:3      | Killed krfreak's ghost
  2366 | D:3      | Reached skill level 7 in Staves
  2366 | D:3      | Reached XP level 5. HP: 36/42 MP: 4/4
  2422 | D:3      | Noticed Robin
  2450 | D:3      | Reached skill level 8 in Staves
  2457 | D:3      | Killed Robin
  2494 | D:3      | Found a stormy altar of Qazlal.
  2746 | D:4      | Reached XP level 6. HP: 50/50 MP: 5/5
  2782 | D:4      | Noticed Crazy Yiuf
  2792 | D:4      | Paralysed by Crazy Yiuf for 2 turns
  2794 | D:4      | Killed Crazy Yiuf
  2794 | D:4      | Acquired Okawaru's first power
  2929 | D:4      | Noticed Natasha
  2937 | D:4      | Killed Natasha
  3098 | D:4      | Noticed Natasha
  3102 | D:4      | Killed Natasha
  3215 | D:4      | Reached skill level 9 in Staves
  3222 | D:4      | Found a glowing drain.
  3245 | Sewer    | Entered a sewer
  3434 | Sewer    | Reached XP level 7. HP: 52/56 MP: 6/6
  3511 | Sewer    | Reached skill level 10 in Staves
  3906 | D:4      | Found a sacrificial altar of Ru.
  3909 | D:4      | Found a sparkling altar of Nemelex Xobeh.
  3914 | D:4      | Found a shimmering altar of Xom.
  3946 | D:5      | Entered Level 5 of the Dungeon
  4011 | D:5      | Noticed Grinder
  4017 | D:5      | Killed Grinder
  4017 | D:5      | Reached skill level 11 in Staves
  4030 | D:5      | Reached XP level 8. HP: 46/62 MP: 7/7
  4041 | D:5      | Noticed Blork the orc
  4051 | D:5      | Killed Blork the orc
  4203 | D:5      | Noticed Menkaure
  4211 | D:5      | Killed Menkaure
  4211 | D:5      | Reached skill level 12 in Staves
  4484 | D:5      | Lost mutation: You are clumsy. (Dex -2) [mutagenic meat]
  4485 | D:5      | Gained mutation: You are partially covered in rugged brown scales (AC +1, +3% HP). [mutagenic meat]
  4486 | D:5      | Gained mutation: You tend to lose your temper in combat. [mutagenic meat]
  4487 | D:5      | Gained mutation: You are frail (-10% HP). [mutagenic meat]
  4488 | D:5      | Gained mutation: You are clumsy. (Dex -2) [mutagenic meat]
  4740 | D:5      | Lost mutation: You are frail (-10% HP). [mutagenic meat]
  5205 | D:6      | Noticed Eustachio
  5219 | D:6      | Killed Eustachio
  5219 | D:6      | Reached skill level 13 in Staves
  5361 | D:6      | Found a staircase to the Ecumenical Temple.
  5381 | Temple   | Entered the Ecumenical Temple
  5482 | D:6      | Noticed Duvessa
  5488 | D:6      | Killed Duvessa
  5490 | D:6      | Noticed Dowan
  5493 | D:6      | Killed Dowan
  5524 | D:6      | Noticed Sigmund
  5531 | D:6      | Killed Sigmund
  5531 | D:6      | Reached XP level 9. HP: 46/70 MP: 8/8
  5544 | D:6      | Noticed Prince Ribbit
  5561 | D:6      | Killed Prince Ribbit
  5561 | D:6      | Reached skill level 14 in Staves
  5852 | D:6      | Found a bloodstained altar of Trog.
  5902 | D:6      | Found a white marble altar of Elyvilon.
  6119 | D:6      | Reached skill level 1 in Armour
  6173 | D:6      | Found an ancient bone altar of Kikubaaqudgha.
  6181 | D:6      | Found a glowing golden altar of the Shining One.
  6267 | D:7      | You fall through a shaft for 2 floors!
  6486 | D:7      | Gained mutation: You are frail (-10% HP). [mutagenic meat]
  6487 | D:7      | Gained mutation: You have large cloven feet. [mutagenic meat]
  6507 | D:7      | Reached skill level 5 in Dodging
  6567 | D:7      | Found a basalt altar of Yredelemnul.
  6861 | D:7      | Reached skill level 5 in Fighting
  7580 | D:8      | Reached skill level 5 in Armour
  7904 | D:9      | Reached XP level 10. HP: 71/77 MP: 9/9
  8305 | D:9      | Acquired Okawaru's second power
  8383 | D:9      | Received a gift from Okawaru
  8479 | D:9      | Noticed a cyan ugly thing
  8488 | D:9      | Killed a cyan ugly thing
  8513 | D:9      | Gained mutation: Scrolls take you longer to read. [mutagenic meat]
  8516 | D:9      | Lost mutation: Scrolls take you longer to read. [mutagenic meat]
  8597 | D:10     | Entered Level 10 of the Dungeon
  8608 | D:10     | Learned a level 4 spell: Leda's Liquefaction
  8637 | D:10     | Found a staircase to the Orcish Mines.
  8711 | D:10     | Reached skill level 1 in Earth Magic
  8878 | D:10     | Noticed a hill giant
  8885 | D:10     | Killed a hill giant
  8885 | D:10     | Received a gift from Okawaru
  8956 | D:10     | Found a staircase to the Lair.
  8957 | D:10     | Noticed a hill giant
  8975 | D:10     | Killed a hill giant
  8975 | D:10     | Reached XP level 11. HP: 68/85 MP: 10/10
  9260 | Lair:1   | Entered Level 1 of the Lair of Beasts
  9323 | Lair:1   | Noticed a four-headed hydra
  9334 | Lair:1   | Killed a four-headed hydra
  9338 | Lair:1   | Reached skill level 5 in Earth Magic
  9525 | Lair:1   | Got a polished spear
  9526 | Lair:1   | Identified the +5 spear "Killer Klown's Bane" {pain, Str+3} (You found it on level 1 of the Lair of Beasts)
  9728 | Lair:1   | Received a gift from Okawaru
  9804 | Lair:1   | Received a gift from Okawaru
  9820 | Lair:1   | Reached XP level 12. HP: 56/93 MP: 11/11
  9824 | Lair:1   | Reached skill level 10 in Armour
  9826 | Lair:1   | Reached skill level 10 in Dodging
 11285 | Lair:2   | Noticed a five-headed hydra
 11300 | Lair:2   | Killed a five-headed hydra
 12585 | Lair:3   | Found a hole to the Spider Nest.
 13065 | Lair:3   | Received a gift from Okawaru
 13580 | Lair:4   | Reached XP level 13. HP: 46/102 MP: 12/12
 13589 | Lair:4   | Reached skill level 10 in Earth Magic
 13857 | Lair:4   | Reached skill level 1 in Invocations
 14024 | Lair:4   | Found a staircase to the Swamp.
 15016 | Lair:5   | Lost mutation: You are clumsy. (Dex -2) [potion of mutation]
 15016 | Lair:5   | Lost mutation: You tend to lose your temper in combat. [potion of mutation]
 15016 | Lair:5   | Lost mutation: You are frail (-10% HP). [potion of mutation]
 15590 | Lair:6   | Reached skill level 5 in Invocations
 15654 | Lair:6   | Received a gift from Okawaru
 15760 | Lair:6   | Reached skill level 10 in Fighting
 15961 | Lair:6   | Received a gift from Okawaru
 16886 | Lair:7   | Identified a scroll of acquirement
 16928 | Lair:7   | Received a gift from Okawaru
 17193 | Lair:7   | Reached XP level 14. HP: 97/127 MP: 19/19
 17580 | Lair:8   | Entered Level 8 of the Lair of Beasts
 17833 | Lair:8   | Reached skill level 10 in Invocations
 17900 | Lair:8   | Found a runed door.
 17990 | Lair:8   | Received a gift from Okawaru
 18501 | Lair:8   | Received a gift from Okawaru
 18504 | Lair:8   | Got a sapphire quarterstaff {god gift}
 18505 | Lair:8   | Identified the +0 quarterstaff of the Viper {venom, rF- rN++ Int+3} (Okawaru gifted it to you on level 8 of the Lair of Beasts)
 18578 | Lair:8   | HP: 2/129 [poisoned by a wolf spider]
 18579 | Lair:8   | Mangled by a wolf spider

Vault maps used:
D:1:      dpeg_cavernosity
D:2:      grunt_temple_overflow_cloverleaf, nicolae_dithmenos_shadow_blocks,
          uniq_terence
D:3:      nicolae_qazlal_eye_of_the_storm, uniq_robin
D:4:      grunt_temple_overflow_diamond, first_bread, portal_sewer_entry_e,
          uniq_natasha, uniq_crazy_yiuf_cottage
D:5:      uniq_blork_the_orc, uniq_menkaure, uniq_grinder
D:6:      nicolae_overflow_quartered_altars, minmay_temple_entry_trees,
          uniq_sigmund, uniq_prince_ribbit1, uniq_eustachio, uniq_duvessa
D:7:      nicolae_overflow_crystal_walls
D:9:      boulder_corridor_run, enter_bailey_3, grunt_livestock, minivault_11,
          zaba_anthole
D:10:     david_lair_shrubbed, orc_0_dummy, minmay_misc_feat_plants
Temple:   circular_temple_6
Lair:1:   mu_elephants_graveyard, grunt_megastairs_4
Lair:3:   spider_nest_entry_funnel_web, serial_bayou_shore_b
Lair:4:   minmay_swamp_entry_worms, grunt_megastairs_1
Lair:5:   grunt_forest_stairs_clearing, infiniplex_staircase_pool_2
Lair:6:   beast_lair_carwin_large_4, serial_bayou_shore_a
Lair:8:   hangedman_lair_tendril_chambers, wormcave, minmay_slime_entry_pillars
Sewer:    sewer_minmay_w

Action                   |  1- 3 |  4- 6 |  7- 9 | 10-12 | 13-15 || total
-------------------------+-------+-------+-------+-------+-------++-------
Melee: Quarterstaff      |    71 |   206 |   291 |   630 |   890 ||  2088
Invok: Heroism           |       |       |       |     3 |     1 ||     4
       Finesse           |       |       |       |       |     1 ||     1
Evoke: Wand              |       |       |       |     4 |     2 ||     6
       Stone of tremors  |       |       |       |       |     1 ||     1
  Use: Scroll            |     6 |     6 |     5 |    12 |     7 ||    36
       Potion            |     1 |     2 |     3 |    17 |     8 ||    31
 Stab: Paralysed         |       |       |     3 |     6 |       ||     9
       Confused          |       |       |     1 |     2 |       ||     3
  Eat: Chunk             |     3 |     5 |    39 |    31 |    19 ||    97
       Bread ration      |       |       |     1 |       |       ||     1
